 Dungeon Crawl Stone Soup version 0.24.0-13-gcf9b3192b9 (webtiles) character file.

Game seed: 4524160125239557390, levelgen mode: deterministic

51 Mesmaeker13 the Magician (level 3, -2/26 HPs)
             Began as a Draconian Wizard on Nov 7, 2019.
             Slain by Sigmund
             ... wielding a +2 scythe of slicing
              (11 damage)
             ... on level 2 of the Dungeon.
             The game lasted 00:02:47 (2219 turns).

Mesmaeker13 the Magician (Draconian Wizard)         Turns: 2219, Time: 00:02:47

Health: -2/26      AC:  6    Str:  9    XL:     3   Next: 57%
Magic:  10/17      EV: 12    Int: 19    God:
Gold:   100        SH:  0    Dex:  9    Spells: 6/9 levels left

rFire    . . .     SeeInvis .   g - +1 whip (freeze)
rCold    . . .     Gourm    .   (no shield)
rNeg     . . .     Faith    .   (armour unavailable)
rPois    .         Spirit   .   a - +0 hat
rElec    .         Reflect  .   (no cloak)
rCorr    .         Harm     .   (no gloves)
MR       .....                  k - +0 pair of boots
Stlth    ++........             (no amulet)
HPRegen  0.08/turn              q - ring of magical power
MPRegen  0.15/turn              (no ring)

@: no status effects
A: unfitting armour, cold-blooded, AC +5
a: no special abilities


You were on level 2 of the Dungeon.
You were very hungry.

You visited 1 branch of the dungeon, and saw 2 of its levels.

You collected 100 gold pieces.

Inventory:

Hand Weapons
 b - a +0 spear
 g - a +1 whip of freezing (weapon)
Armour
 a - a +0 hat (worn)
 k - a +0 pair of boots (worn)
Jewellery
 q - a ring of magical power (left hand)
Scrolls
 d - a scroll of enchant weapon {unknown}
 e - a scroll of enchant armour {unknown}
 f - 2 scrolls of teleportation
 h - a scroll of fog
 i - a scroll of remove curse {unknown}
 o - a scroll of identify {unknown}
 p - a scroll of magic mapping {unknown}
 r - a scroll of fear {unknown}
Potions
 j - a potion of degeneration {unknown}
 l - 3 potions of berserk rage {unknown}
 m - a potion of lignification {unknown}
 n - a potion of curing {unknown}
Comestibles
 c - 2 rations


   Skills:
 + Level 2.5 Dodging
 - Level 1.7 Stealth
 + Level 3.5 Spellcasting
 + Level 2.1 Conjurations
 - Level 1.0 Summonings
   Level 1.0 Translocations


You had 6 spell levels left.
You knew the following spells:

 Your Spells              Type           Power        Failure   Level  Hunger
a - Magic Dart            Conj           ##..         6%          1    None
b - Call Imp              Summ           #.......     14%         2    ##.....

Your spell library contained the following spells:

 Spells                   Type           Power        Failure   Level  Hunger
 Blink                    Tloc           N/A          14%         2    ##.....
 Slow                     Hex            #.......     22%         2    ##.....
 Conjure Flame            Conj/Fire      #.......     28%         3    ###....
 Mephitic Cloud           Conj/Pois/Air  #.......     32%         3    ###....


Dungeon Overview and Level Annotations

Branches:
Dungeon (2/15)

Altars:
Qazlal

Annotations:
D:2 Sigmund


Innate Abilities, Weirdness & Mutations

Your plain brown scales are hard. (AC +5)
You cannot fit into any form of body armour.
You are cold-blooded and may be slowed by cold attacks.


Message History

Your shadow imp appears confused.
Your crimson imp hits Sigmund.
Your shadow imp closely misses Sigmund.
Sigmund mumbles some strange words.
Sigmund flickers and vanishes!
Deactivating autopickup; reactivate with Ctrl-A.
Your crimson imp hits something but does no damage.
Your shadow imp misses you.
Something hits you.
Your crimson imp closely misses something.
Your shadow imp hits you but does no damage.
Your crimson imp barely misses something.
Something hits you.
Your crimson imp closely misses something.
Your crimson imp disappears in a puff of smoke!
Your crimson imp hits something.
Casting: Call Imp (safe; 14% risk of failure)
Confirm with . or Enter, or press ? or * to list all spells.
A shadowy apparition takes form in the air.
Something hits you!
You die...

..# #...@..# #.# #.# #.#
#.# # #.# #.#
##.####.####### #.#
..............# #.#
........#####.# #.#
###.#.####.# #5# #.#
....# #.# #@# #.#
..###.# #.# #.# #{#
......# #.#####.# #.#
..####
#<##..55###.######## ..#
#.##.##.(ยง....5....#
###
#####.##<##.##########.#
# #.....##.##.# #.# #
#.######.#### #.# #
##.## #.# #.#


You could see a friendly crimson imp and 2 friendly shadow imps.

Vanquished Creatures
  An adder (D:2)
  A worm (D:2)
  A dart slug (D:1)
  5 giant cockroaches
  2 goblins
  2 hobgoblins
  3 jackals (D:2)
  5 bats
  2 frilled lizards (D:1)
  8 kobolds
  7 rats
37 creatures vanquished.

Notes
Turn   | Place    | Note
-------+----------+-------------------------------------------
     0 | D:1      | Mesmaeker13 the Draconian Wizard began the quest for the
                  | Orb.
     0 | D:1      | Reached XP level 1. HP: 14/14 MP: 4/4
   660 | D:1      | Reached XP level 2. HP: 20/20 MP: 4/6
  1130 | D:2      | Reached XP level 3. HP: 25/26 MP: 1/7
  1414 | D:2      | Learned a level 2 spell: Call Imp
  1866 | D:2      | Found a stormy altar of Qazlal.
  2112 | D:2      | Found a stormy altar of Qazlal.
  2151 | D:2      | Noticed Sigmund
  2219 | D:2      | Slain by Sigmund

Levels and vault maps discovered:
D:1:      ncdulo_lavacross, layout_rooms, minmay_pentomino_w2
D:2:      layout_loops_ring, lemuel_doored_altar,
          nicolae_qazlal_eye_of_the_storm, uniq_robin, uniq_sigmund

Skill      XL: |  1  2  3 |
---------------+----------+-----
Dodging        | 2 |  2.5
Conjurations   | 2 |  2.1
Stealth        | |  1.7
Spellcasting   | |  3.5
Summonings     | |  1.0
Translocations | |  1.0

Action                   || total
-------------------------++-------
Melee: Whip              ||    39
       Spear             ||     3
       Tailslap          ||     3
 Cast: Magic Dart        ||    68
       Call Imp          ||     8
  Use: Scroll            ||     2
  Eat: Chunk             ||     3
Armor: Skin              ||    18
Dodge: Dodged            ||    43
